 Dungeon Crawl Stone Soup version 0.29-a0-304-gb34f9e1 (webtiles) character file.

Game seed: 9210679272851620715

144 Think the Cutter (level 5, -2/36 HPs)
             Began as an Octopode Fighter on Mar 25, 2022.
             Slain by a bullfrog (3 damage)
             ... on level 8 of the Dungeon.
             The game lasted 00:05:22 (3288 turns).

Think the Cutter (Octopode Fighter)                 Turns: 3288, Time: 00:05:23

Health: -2/36      AC:  1    Str: 16    XL:     5   Next: 27%
Magic:  5/5        EV: 13    Int: 12    God:
Gold:   140        SH:  4    Dex: 11    Spells: 4/4 levels left

rFire   . . .      SeeInvis .   a - +0 rapier
rCold   . . .      Faith    .   b - +0 buckler
rNeg    . . .      Spirit   .   (helmet restricted)
rPois   .          Reflect  .   (no amulet)
rElec   .          Harm     .   g - ring of flight
rCorr   .          Rampage  .   (no ring)
Will    .....                   (no ring)
Stlth   ++........              (no ring)
HPRegen 0.12/turn               (no ring)
MPRegen 0.09/turn               (no ring)
                                (no ring)
                                (no ring)

@: flying
A: almost no armour, amphibious, 8 rings, camouflage 1, gelatinous body 1,
(nimble swimmer 1), tentacles
a: no special abilities


You were on level 8 of the Dungeon.
You visited 1 branch of the dungeon, and saw 6 of its levels.

You collected 140 gold pieces.

Inventory:

Hand Weapons
 a - a +0 rapier (weapon)
Armour
 b - a +0 buckler (worn)
Jewellery
 g - a ring of flight (left tentacle)
Scrolls
 f - 2 scrolls of vulnerability {unknown}
 i - 5 scrolls of identify {unknown}
 k - a scroll of summoning {unknown}
 l - a scroll of enchant armour {unknown}
 m - a scroll of blinking {unknown}
 n - 2 scrolls of teleportation {unknown}
Potions
 c - 2 potions of might
 d - 2 potions of curing {unknown}
 e - 2 potions of lignification {unknown}
 h - a potion of berserk rage {unknown}
 j - 3 potions of attraction {unknown}


   Skills:
 - Level 3.0 Fighting
 + Level 5.3 Short Blades
 - Level 3.0 Dodging
 - Level 3.0 Shields


You had 4 spell levels left.
You didn't know any spells.
Your spell library was empty.

Dungeon Overview and Level Annotations

Branches:
Dungeon (8/15)
 Temple: D:4-7         Lair: D:8-11

Altars:
Cheibriados

Shops:
D:2 [

Annotations:
D:7 Pikel


Innate Abilities, Weirdness & Mutations

You cannot wear most types of armour.
You are amphibious.
You can wear up to eight rings at the same time.
Your skin changes colour to match your surroundings (Stealth+).
Your rubbery body absorbs attacks. (AC +1, EV +1)
((You are camouflaged when in or above water. (Stealth+)))
You have tentacles for arms and can constrict up to eight enemies at once.


Message History

A sky beast comes into view.
The bullfrog releases a deep croak.
The bullfrog barely misses you. You block the bullfrog's attack.
You block the bullfrog's attack.
Found a metallic red potion.
The bullfrog snags a nearby fly with its tongue.
The bullfrog closely misses you. You block the bullfrog's attack.
The bullfrog hits you. The bullfrog attacks as you move away!
The bullfrog hits you. The bullfrog barely misses you. The bullfrog hits you.
The bullfrog barely misses you.
Found a stone staircase leading down.
The bullfrog attacks as you move away! The bullfrog closely misses you.
The bullfrog hits you. The bullfrog attacks as you move away!
The bullfrog hits you.
Found a stone staircase leading down.
You block the bullfrog's attack.
An iguana comes into view.
Found a curved ivory wand.
The bullfrog snags a nearby blue-tailed skink with its tongue.
The bullfrog hits you.
The iguana moves out of view.
The bullfrog attacks as you move away!
The bullfrog hits you but does no damage.
The bullfrog hits you. The bullfrog barely misses you.
There is a stone staircase leading down here.
The bullfrog hits you.
* * * LOW HITPOINT WARNING * * *
The lemure barely misses you.
You fly downwards.
The deep elf pyromancer shouts!
The orc shouts! x3; The orc priest shouts!
The orc shouts!
Found 11 gold pieces and 13 stones.
There is a stone staircase leading up here.
The bullfrog hits you.
* * * LOW HITPOINT WARNING * * *
The bullfrog hits you.
You die...

#. #.########
##...(....#
≈l≈......#
#≈......#
+.......#
.≈###≈..F5$.#
.≈≈≈≈≈.@<...#
.###........#
......oo..o..#
####.......o.#
#.....o...#
#.#######o# ..
.# .e. #


You could see a deep elf pyromancer, an orc warrior, a wyvern, a lemure, a
bullfrog, an orc priest and 4 orcs.

Vanquished Creatures
  An iguana (D:3)
  6 adders
  A worm (D:3)
  3 endoplasms
  2 giant cockroaches (D:1)
  2 goblins
  11 hobgoblins
  7 jackals
  3 quokkas
  7 ball pythons
  A bat (D:1)
  7 frilled lizards
  6 kobolds
  7 rats
64 creatures vanquished.

Notes
Turn   | Place    | Note
-------+----------+-------------------------------------------
     0 | D:1      | Think the Octopode Fighter began the quest for the Orb.
     0 | D:1      | Reached XP level 1. HP: 16/16 MP: 1/1
   339 | D:1      | Reached XP level 2. HP: 21/21 MP: 2/2
   498 | D:1      | Reached skill level 3 in Short Blades
   719 | D:1      | Reached XP level 3. HP: 26/26 MP: 3/3
  1209 | D:2      | Reached skill level 4 in Short Blades
  1319 | D:2      | Reached XP level 4. HP: 26/31 MP: 4/4
  1766 | D:2      | Found Kodi's Antique Armour Boutique.
  2414 | D:3      | Reached skill level 5 in Short Blades
  2414 | D:3      | Reached XP level 5. HP: 9/36 MP: 5/5
  3213 | D:3      | You are sucked into a shaft and drop 3 floors!
  3225 | D:6      | Noticed an ogre
  3247 | D:7      | Noticed a lemure
  3248 | D:7      | Found a snail-covered altar of Cheibriados.
  3248 | D:7      | Noticed a lemure
  3248 | D:7      | Noticed Pikel
  3250 | D:7      | Noticed a lemure
  3250 | D:7      | Noticed a lemure
  3257 | D:7      | Noticed a sky beast
  3287 | D:8      | Noticed a wyvern
  3287 | D:8      | Noticed a deep elf pyromancer
  3287 | D:8      | Noticed an orc warrior
  3288 | D:8      | HP: 1/36 [bullfrog (4)]
  3288 | D:8      | Slain by a bullfrog

Illustrated notes

Levels and vault maps discovered:
D:1:      doesnt_arrival_eight_statues, layout_loops_ring
D:2:      layout_basic, serial_shops, nicolae_shop_statue_plus,
          minmay_door_square
D:3:      layout_basic, dreamdust_ecumenical_altar_sealed_demon
D:6:      layout_basic, lemuel_mausoleum_altar_yredelemnul,
          mainiacjoe_overflow_six_doors_small
D:7:      layout_cave_pools, lemuel_coloured_pillars_altar, slow_altar_1,
          minmay_temple_entry_waves, enter_bailey_2, uniq_pikel
D:8:      layout_basic, kennysheep_mini_moat

Skill      XL: |  1  2  3  4 |
---------------+-------------+-----
Short Blades   | 3 4 5 |  5.3
Fighting       | |  3.0
Dodging        | |  3.0
Shields        | |  3.0

Action                   |  1- 3 |  4- 6 || total
-------------------------+-------+-------++-------
Melee: Rapier            |    69 |    61 ||   130
       Constrict         |    22 |    12 ||    34
       Tentacles         |    15 |     9 ||    24
       Punch             |     1 |     1 ||     2
 Stab: Sleeping          |     3 |     9 ||    12
Armor: Skin              |     4 |     2 ||     6
Dodge: Dodged            |    36 |    29 ||    65
Block: Buckler           |    10 |    14 ||    24

Table legend: (Time is in decaauts)
 A = Elapsed time spent in this place.
 B = Non-inter-level travel time spent in this place.
 C = Inter-level travel time spent in this place.
 D = Time resting spent in this place.
 E = Time spent auto-exploring this place.
 F = Levels seen in this place.
 G = Mean time per level.
                   A        B        C        D        E       F      G
               +--------+--------+--------+--------+--------+-----+--------+
         Total |   3291 |   3214 |     77 |    426 |   2337 |   6 |  548.5 |
       Dungeon |   3291 |   3214 |     77 |    426 |   2337 |   6 |  548.5 |
               +--------+--------+--------+--------+--------+-----+--------+

Top non-repeatable levels by time:
     D:1: 1124 daAuts
     D:3: 1093 daAuts
     D:2: 999 daAuts
     D:7: 46 daAuts
     D:6: 26 daAuts
     D:8: 0 daAuts
